 Dungeon Crawl Stone Soup version 0.18.1-8-gdd0e5ea (webtiles) character file.

2139 Heskey the Fighter (level 9, 0/157 HPs)
             Began as an Ogre Berserker on June 6, 2016.
             Was a Priest of Trog.
             Killed by divine providence
             ... invoked by an orc priest
              (8 damage)
             ... on level 6 of the Dungeon.
             The game lasted 00:11:01 (6105 turns).

Heskey the Fighter (Ogre Berserker)                 Turns: 6105, Time: 00:11:02

Health: 0/157      AC: 24    Str: 27    XL:     9   Next: 30%
Magic:  0/9        EV:  1    Int:  6    God:    Trog [***...]
Gold:   243        SH:  0    Dex:  9    Spells: 0 memorised, 8 levels left

rFire  . . .     SeeInvis +     a - +0 giant spiked club (flame) (curse)
rCold  . . .     Gourm    .     (armour currently unavailable)
rNeg   + + +     Faith    .     (shield currently unavailable)
rPois  +         Spirit   +     (helmet currently unavailable)
rElec  .         Dismiss  .     (cloak currently unavailable)
rCorr  .         Reflect  .     (gloves unavailable)
SustAt .         Harm     .     (boots unavailable)
MR     ++...     NoTele   +     l - amulet of guardian spirit
Stlth  +.........               (no ring)
                                g - ring of see invisible

@: exhausted, tree-form, regenerating, slowed, very slow, very resistant to
hostile enchantments, very unstealthy
A: unfitting armour, (icy blue scales 0), (cold resistance 0), (tough skin 0),
MP-powered wands
a: Berserk, Trog's Hand, Burn Spellbooks, Renounce Religion


You were on level 6 of the Dungeon.
You worshipped Trog.
Trog was most pleased with you.
You were not hungry.
You were a tree.
You visited 1 branch of the dungeon, and saw 6 of its levels.

You collected 243 gold pieces.

Inventory:

Hand Weapons
 a - a cursed +0 giant spiked club of flaming (weapon)
Armour
 b - a +1 animal skin (melded)
Jewellery
 g - a ring of see invisible (left branch)
 j - an uncursed ring of resist corrosion {unknown}
 l - an amulet of guardian spirit (around neck)
Scrolls
 d - 3 scrolls of identify
 e - 3 scrolls of recharging
 h - 2 scrolls of remove curse
 i - 2 scrolls of fog
 q - a scroll of enchant armour
 r - a scroll of enchant weapon
Potions
 f - a potion of flight
 n - 2 potions of lignification
Comestibles
 c - 5 bread rations
 k - 2 meat rations
 o - a royal jelly
 p - a slice of pizza


   Skills:
 * Level 11.6 Fighting
 + Level 9.0 Maces & Flails
 + Level 6.0 Dodging


You had 8 spell levels left.
You didn't know any spells.

Dungeon Overview and Level Annotations

Branches:
Dungeon (6/15)
 Temple: D:4-7

Altars:
Ashenzari
Okawaru
Pakellas
Trog
The Shining One

Shops:
D:5 (


Innate Abilities, Weirdness & Mutations

You are too large for most types of armour.
((You have tough skin (AC +1).))
((You are partially covered in icy blue scales (AC +1).))
((Your flesh is cold resistant.))
You expend magic power (3 MP) to strengthen your wands.


Message History

Unknown command.
Unknown command.
Unknown command.
Unknown command.
Unknown command.
Your skin crawls.
You feel resistant to hostile enchantments.
You feel slightly more hungry.
The orc hits you but does no damage. x10
The orc hits you.
* * * LOW HITPOINT WARNING * * *
Unknown command.
Drink which item? (? for menu, Esc to quit)
Okay, then.
Read which item? (? for menu, Esc to quit)
As you read the scroll labeled YTTUOK EMOUCLO, it crumbles to dust.
You feel aware of your surroundings.
You sensed 1 altar.
It was a scroll of magic mapping.
The orc hits you but does no damage. x4
The orc priest mumbles some strange prayers to Beogh against you.
Beogh smites you!
You die...

##....<.........#
#...######......#
#...##..........#
....##......#####
....##....##############****
#...#..#.#####..........,,,****
....#.#..###8..8o.8..8..,,8**,*
##..).....#....oooo.....,,8*,,*
..........[....o♣oo.....,,,+,_*
.........)#....ooo......,,8*,,*
..........##8..8oo8..8..,,8**,*
..........####..........,,,****
..........## ###########****
...........########
..................#
..................#
..................#


You could see an orc priest and 12 orcs.

Vanquished Creatures
  Grinder (D:5)
  Prince Ribbit (D:4)
  Menkaure (D:5)
  The ghost of Liquid the Ruffian, an amateur VSMo (D:3)
  2 sky beasts (D:5)
  An orc warrior (D:6)
  2 ogres
  A centaur (D:6)
  4 scorpions
  A howler monkey (D:5)
  2 crimson imps (D:5)
  2 jellies (D:6)
  2 orc priests (D:4)
  4 hounds
  4 orc wizards
  2 iguanas (D:5)
  6 worker ants
  A hound skeleton (D:5)
  A howler monkey skeleton (D:5)
  A gnoll (D:1)
  7 adders
  2 adder skeletons (D:5)
  2 worms
  3 dart slugs
  4 giant geckos
  19 orcs
  4 giant cockroaches
  10 goblins
  4 hobgoblins
  8 jackals
  3 quokkas
  2 ball pythons (D:3)
  9 bats
  A giant gecko skeleton (D:6)
  3 giant newts
  A jackal skeleton (D:5)
  9 kobolds
  A quokka skeleton (D:5)
  6 rats
138 creatures vanquished.

Vanquished Creatures (others)
  A wizard (D:3)
1 creature vanquished.

Grand Total: 139 creatures vanquished

Notes
Turn   | Place    | Note
--------------------------------------------------------------
     0 | D:1      | Heskey the Ogre Berserker began the quest for the Orb.
     0 | D:1      | Reached XP level 1. HP: 24/24 MP: 1/1
    84 | D:1      | Reached XP level 2. HP: 28/33 MP: 2/2
   274 | D:1      | Reached XP level 3. HP: 27/40 MP: 3/3
   309 | D:1      | Reached ** piety under Trog
   480 | D:1      | Reached skill level 5 in Fighting
   892 | D:2      | Found a faded altar to an unknown god.
   894 | D:2      | Reached XP level 4. HP: 45/50 MP: 2/4
   903 | D:2      | Reached skill level 5 in Maces & Flails
  1421 | D:3      | Reached XP level 5. HP: 59/59 MP: 5/5
  1447 | D:3      | Noticed Liquid's ghost (amateur VSMo)
  1459 | D:3      | Reached skill level 6 in Fighting
  1465 | D:3      | Killed Liquid's ghost
  1465 | D:3      | Reached XP level 6. HP: 68/68 MP: 4/6
  1652 | D:3      | Reached *** piety under Trog
  1802 | D:3      | Found a bloodstained altar of Trog.
  1803 | D:3      | Noticed a wizard
  1809 | D:3      | Killed a wizard
  2186 | D:4      | Found an iron altar of Okawaru.
  2203 | D:4      | Found a shattered altar of Ashenzari.
  2217 | D:4      | Reached skill level 7 in Fighting
  3006 | D:4      | Reached XP level 7. HP: 22/79 MP: 4/7
  3009 | D:4      | Gained mutation: Your flesh is cold resistant. [potion of mutation]
  3009 | D:4      | Gained mutation: You expend magic power (3 MP) to strengthen your wands. [potion of mutation]
  3009 | D:4      | Gained mutation: You are partially covered in icy blue scales (AC +1). [potion of mutation]
  3457 | D:4      | Reached skill level 8 in Fighting
  3638 | D:4      | Found an oddly glowing altar of Pakellas.
  3703 | D:4      | HP: 3/120 [orc priest/divine providence (9)]
  3994 | D:5      | Entered Level 5 of the Dungeon
  4303 | D:5      | Reached skill level 9 in Fighting
  4303 | D:5      | Reached XP level 8. HP: 75/92 MP: 6/8
  4440 | D:5      | Found Neklam's Antique Weapon Boutique.
  4665 | D:5      | Noticed Prince Ribbit
  4668 | D:5      | Noticed Menkaure
  4680 | D:5      | Killed Menkaure
  4680 | D:5      | Reached skill level 10 in Fighting
  4680 | D:5      | Reached skill level 5 in Dodging
  4685 | D:5      | HP: 3/93 [Prince Ribbit (6)]
  5287 | D:4      | Killed Prince Ribbit
  5595 | D:5      | Noticed Grinder
  5603 | D:5      | Killed Grinder
  5664 | D:6      | Reached skill level 11 in Fighting
  5664 | D:6      | Reached XP level 9. HP: 94/105 MP: 9/9
  5690 | D:6      | Found a runed door.
  5784 | D:6      | Found a glowing golden altar of the Shining One.
  6103 | D:6      | HP: 6/157 [orc/mace (3)]
  6105 | D:6      | Killed from afar by an orc priest

Skill      XL: |  1  2  3  4  5  6  7  8  9 |
---------------+----------------------------+-----
Dodging        | 3 4 5 6 |  6.0
Fighting       | 5 6 7 9 11 | 11.6
Maces & Flails | 5 6 7 8 9 |  9.0

Action                   |  1- 3 |  4- 6 |  7- 9 || total
-------------------------+-------+-------+-------++-------
Melee: Mace              |    98 |   165 |    67 ||   330
       Morningstar       |       |       |     9 ||     9
       Giant spiked club |       |       |   126 ||   126
Invok: Berserk           |       |     3 |     6 ||     9
       Trog's Hand       |       |       |     6 ||     6
  Use: Potion            |       |     2 |     8 ||    10
       Scroll            |       |       |    12 ||    12
  Eat: Chunk             |       |     5 |     5 ||    10
       Bread ration      |       |     2 |     1 ||     3
       Beef jerky        |       |     1 |       ||     1
       Meat ration       |       |       |     1 ||     1
Armor: Animal skin       |    39 |    56 |    78 ||   173
       Skin              |       |       |   104 ||   104
Dodge: Dodged            |    72 |   113 |   188 ||   373
